 Dungeon Crawl Stone Soup version 0.27-b1-23-g44b8eac545 (webtiles) character file.

Game seed: 14307877454475417108

76 mhtbhm the Covered (level 4, -7/40 HPs)
             Began as a Minotaur Fighter on July 27, 2021.
             Mangled by Sigmund (9 damage)
             ... on level 2 of the Dungeon.
             The game lasted 00:01:09 (865 turns).

mhtbhm the Covered (Minotaur Fighter)                Turns: 865, Time: 00:01:10

Health: -7/40      AC:  7    Str: 22    XL:     4   Next: 12%
Magic:  3/3        EV:  8    Int:  5    God:
Gold:   93         SH:  9    Dex:  9    Spells: 3/3 levels left

rFire    . . .     SeeInvis .   a - +0 long sword
rCold    . . .     Faith    .   c - +0 kite shield
rNeg     . . .     Spirit   .   b - +0 scale mail
rPois    .         Reflect  .   (helmet restricted)
rElec    .         Harm     .   (no cloak)
rCorr    .         Rampage  .   (no gloves)
Will     .....                  (no boots)
Stlth    ..........             (no amulet)
HPRegen  0.13/turn              (no ring)
MPRegen  0.08/turn              (no ring)

@: mighty
A: horns 2, retaliatory headbutt
a: no special abilities


You were on level 2 of the Dungeon.
You visited 1 branch of the dungeon, and saw 2 of its levels.

You collected 93 gold pieces.

Inventory:

Hand Weapons
 a - a +0 long sword (weapon)
Armour
 b - a +0 scale mail (worn)
 c - a +0 kite shield (worn)
Scrolls
 e - a scroll of identify {unknown}
Potions
 d - 2 potions of might
 f - a potion of resistance {unknown}


   Skills:
 + Level 4.2 Fighting
 + Level 3.4 Long Blades
 + Level 4.4 Armour
 + Level 1.0 Dodging
 + Level 4.0 Shields


You had 3 spell levels left.
You didn't know any spells.
Your spell library was empty.

Dungeon Overview and Level Annotations

Branches:
Dungeon (2/15)

Altars:

Annotations:
D:2 Sigmund


Innate Abilities, Weirdness & Mutations

You have a pair of horns on your head.
You reflexively headbutt those who attack you in melee.


Message History

Something hits you! The gnoll hits you but does no damage.
You slash the gnoll!
You kill the gnoll!
Something hits you but does no damage. The goblin closely misses you.
Something hits you!
You have reached level 4!
You feel stronger.
You slash the goblin!
You kill the goblin!
Something hits you but does no damage.
No target in view!
No target in view!
No target in view!
No target in view!
No target in view!
No target in view!
No target in view!
No target in view!
No target in view!
No target in view!
You aren't carrying any items that you can evoke.
Unknown command.
You feel very mighty all of a sudden. Something hits you but does no damage.
Something hits you.
Things that are here:
a +0 dagger; a +0 club Something hits you but does no damage.
You hear some strange, mumbled words.
A puff of flame appears from out of thin air!
The puff of flame hits you!
* * * LOW HITPOINT WARNING * * *
Unknown command.
Something hits you!
* * * LOW HITPOINT WARNING * * *
Things that are here:
a +0 dagger; a +0 club Unknown command.
You closely miss something. Something hits you!
You die...

.... .... ......#
.... ......# ....
......# #### ......#
##### ..... ......
... ...... ###{######
......###.@.........#
..........#.#######.#
..........#.......#.#
####.....#.### #)#.#
#....†#.# #.#.#
#####.#.# #)#.#
#.#.#####.#.#####
#.#............(#
#.#.#####.#.###.#


There were no monsters in sight!

Vanquished Creatures
  An adder (D:2)
  2 gnolls (D:2)
  2 worms (D:2)
  2 dart slugs
  3 endoplasms
  2 giant cockroaches (D:1)
  2 hobgoblins
  6 kobolds
  3 quokkas
  2 ball pythons
  4 bats (D:1)
  A frilled lizard (D:1)
  5 goblins
35 creatures vanquished.

Notes
Turn   | Place    | Note
-------+----------+-------------------------------------------
     0 | D:1      | mhtbhm the Minotaur Fighter began the quest for the Orb.
     0 | D:1      | Reached XP level 1. HP: 19/19 MP: 0/0
   163 | D:1      | Reached XP level 2. HP: 26/27 MP: 1/1
   473 | D:1      | Reached XP level 3. HP: 33/33 MP: 2/2
   495 | D:1      | You fall into a shaft and drop 1 floor!
   819 | D:2      | Reached skill level 1 in Dodging
   855 | D:2      | Noticed Sigmund
   859 | D:2      | Reached XP level 4. HP: 22/40 MP: 3/3
   864 | D:2      | HP: 2/40 [something (10)]
   865 | D:2      | Mangled by Sigmund

Illustrated notes

Levels and vault maps discovered:
D:1:      nagdon_arrival_double_spiral, layout_rooms, minmay_tromino_v7
D:2:      minmay_skewed_foursquare, layout_basic, ebering_ecumenical_altar_rust,
          uniq_sigmund

Skill      XL: |  1  2  3 |
---------------+----------+-----
Fighting       | 4 |  4.2
Armour         | 4 |  4.4
Long Blades    | 3 |  3.4
Dodging        | 1 |  1.0
Shields        | 4 |  4.0

Action                   |  1- 3 |  4- 6 || total
-------------------------+-------+-------++-------
Melee: Long sword        |    81 |     2 ||    83
       Headbutt          |     9 |       ||     9
  Use: Potion            |       |     1 ||     1
Armor: Scale mail        |    45 |     3 ||    48
Dodge: Dodged            |    30 |       ||    30
Block: Kite shield       |    51 |       ||    51
       Rpst.: Long sword |    12 |       ||    12
